 Dungeon Crawl Stone Soup version 0.31-a0-187-gba352fbbf7 (webtiles) character file.

Game seed: 8766534854210596400

254 qw the Skirmisher (level 5, 0/25 (30) HPs)
             Began as a Deep Elf Hunter on June 22, 2023.
             Slain by Duvessa
             ... wielding a +2 short sword of draining
              (2 damage)
             ... on level 4 of the Dungeon.
             The game lasted 00:00:53 (2345 turns).

qw the Skirmisher (Deep Elf Hunter)                 Turns: 2345, Time: 00:00:53

HP:   0/25 (30)     AC:  5    Str: 10    XL:     5   Next: 91%
MP:   7/7           EV: 11    Int: 14    God:
Gold: 618           SH:  0    Dex: 18    Spells: 4/4 levels left

rFire   . . .        a - +1 shortbow (heavy)
rCold   + . .        (shield currently unavailable)
rNeg    . . .        f - +0 ring mail
rPois   .            (no helmet)
rElec   .            (no cloak)
rCorr   .            (no gloves)
SInv    .            (no boots)
Will    .....        b - amulet of regeneration
Stlth   +            (no ring)
HPRegen 1.04/turn    (no ring)
MPRegen 0.10/turn

%: no passive effects
@: heavily drained
A: cold resistance 1, MP-powered wands
a: no special abilities


You were on level 4 of the Dungeon.
You visited 1 branch of the dungeon, and saw 4 of its levels.

You collected 618 gold pieces.


Innate Abilities, Weirdness & Mutations

Your flesh is cold resistant. (rC+)
You expend magic power (3 MP) to strengthen your wands.


   Skills:
 - Level 2.0 Fighting
 + Level 9.3 Ranged Weapons
 - Level 2.4 Dodging
 - Level 1.2 Stealth


You had 4 spell levels left.
You didn't know any spells.
Your spell library was empty.

Inventory:

Hand Weapons
 a - a +1 heavy shortbow (weapon)
Armour
 f - a +0 ring mail (worn)
Jewellery
 b - an amulet of regeneration (around neck)
Scrolls
 h - 2 scrolls of identify
 i - a scroll of teleportation {unknown}
 l - a scroll of summoning {unknown}
Potions
 c - 3 potions of mutation
 d - a potion of might {unknown}
 e - 2 potions of curing
 g - a potion of invisibility {unknown}
 j - a potion of enlightenment {unknown}
 k - a potion of heal wounds {unknown}

Dungeon Overview and Level Annotations

Branches:
Dungeon (4/15)
 Temple: D:4-7

Altars:
Cheibriados
Ru
Uskayaw

Annotations:
D:4 Dowan, Duvessa


Message History

Duvessa is heavily wounded.
You shoot an arrow. The arrow completely misses Dowan.
Dowan casts a spell.
Dowan blinks!
Dowan says, "Stay away from my face!"
Dowan casts a spell at you. The puff of frost hits you. You resist.
You shoot an arrow. The arrow misses Dowan.
Dowan barely misses you. Dowan hits you with a +0 dagger.
Duvessa hits you with a +2 short sword of draining!
You feel drained.
You shoot an arrow.
The arrow hits Duvessa but does no damage.
Duvessa is heavily wounded.
Dowan points at you and mumbles some strange words.
The puff of flame misses you.
Duvessa hits you with a +2 short sword of draining.
You feel drained. Dowan hits you with a +0 dagger.
You shoot an arrow. The arrow barely misses Duvessa.
Dowan casts a spell at you. You resist with some effort.
Duvessa says, "My weaknesses are his strengths!"
Duvessa hits you with a +2 short sword of draining.
You feel drained. Dowan barely misses you.
Duvessa hits you with a +2 short sword of draining.
You feel drained.
You shoot an arrow. The arrow hits Duvessa.
Duvessa is heavily wounded.
Dowan hits you but does no damage. Dowan barely misses you.
Duvessa barely misses you.
You shoot an arrow. The arrow hits Duvessa!
Duvessa is almost dead.
Dowan barely misses you. x2; Duvessa closely misses you.
Dowan hits you with a +0 dagger.
You shoot an arrow. The arrow hits Duvessa.
Duvessa is almost dead.
Duvessa hits you with a +2 short sword of draining.
You feel drained. Dowan hits you but does no damage.
Duvessa hits you with a +2 short sword of draining.
You die...

####'#' .# ######
#.#. ..
##....###.#. .#
##......##.#.
..#####..#..#..'.#.
#.#...'...##...#.#.
#.#.#.'...##...#.#.
#e#.###..#..#.)#'##
#.@e####......##...
###...?##....##....
####..######..#.#
##.# #....#) #.##
##..#.# #..##
##.... ##..# ##...
######'#########
#...........#


You could see Duvessa and Dowan (fast).

Vanquished Creatures
  A scorpion (D:4)
  A jelly (D:4)
  Jessica (D:2)
  An iguana (D:4)
  A gnoll (D:4)
  An adder (D:3)
  An ufetubus (D:3)
  2 worms
  9 orcs
  10 bats
  8 endoplasms
  4 giant cockroaches
  7 goblins
  3 hobgoblins (D:3)
  3 quokkas
  5 ball pythons
  9 kobolds
  4 rats
71 creatures vanquished.

Notes
Turn   | Place    | Note
-------+----------+-------------------------------------------
     0 | D:1      | qw the Deep Elf Hunter began the quest for the Orb.
     0 | D:1      | Reached XP level 1. HP: 12/12 MP: 3/3
     0 | D:1      | 0 ||| qw: Version: 0.3-a-9-g12657ce
     0 | D:1      | 0 ||| qw: Game counter: 2000
     0 | D:1      | 0 ||| qw: Always use a shield: true
     0 | D:1      | 0 ||| qw: God list: Okawaru
     0 | D:1      | 0 ||| qw: Allow faded altars: false
     0 | D:1      | 0 ||| qw: Do Orc after D:15 true
     0 | D:1      | 0 ||| qw: Do second Lair branch before Depths: true
     0 | D:1      | 0 ||| qw: Lair rune preference: random
     0 | D:1      | 0 ||| qw: Plans: Normal
     0 | D:1      | 0 ||| PLANNING D:1-11
   216 | D:1      | Reached XP level 2. HP: 16/16 MP: 4/4
   236 | D:1      | Reached skill level 6 in Ranged Weapons
   922 | D:1      | 922 ||| READING scroll labelled VEGAERIP MEOFI.
   922 | D:1      | Identified a scroll of acquirement
   922 | D:1      | 922 ||| ACQUIRING +1 heavy shortbow
   922 | D:1      | Acquired a +1 heavy shortbow
   924 | D:1      | 924 ||| SWAPPING to +1 heavy shortbow.
   925 | D:1      | 925 ||| DROPPING +0 shortbow.
   926 | D:1      | 926 ||| READING scroll labelled IMAR OSTEOLO.
   927 | D:1      | 927 ||| READING scroll labelled ZAASAM KOREOSS.
   928 | D:1      | 928 ||| READING scroll labelled ATAAKHLY BOEQUC.
   929 | D:1      | 929 ||| DROPPING scroll of butterflies.
  1018 | D:2      | Reached XP level 3. HP: 18/18 MP: 5/5
  1043 | D:2      | You fall into a shaft and drop 1 floor!
  1044 | D:3      | 1044 ||| UPGRADING to amulet of regeneration.
  1130 | D:2      | Found a faded altar of an unknown god.
  1215 | D:2      | Noticed Jessica
  1219 | D:2      | Killed Jessica
  1220 | D:2      | Reached skill level 7 in Ranged Weapons
  1365 | D:2      | 1365 ||| UPGRADING to +0 scale mail.
  1375 | D:2      | 1375 ||| DROPPING +0 leather armour.
  1376 | D:2      | 1376 ||| DROPPING ring of flight.
  1377 | D:2      | 1377 ||| READING scroll labelled UJUG US KIUVA.
  1378 | D:2      | 1378 ||| READING scroll labelled TIUCUE GEPPOA.
  1379 | D:2      | 1379 ||| DRINKING 2 fizzy amethyst potions.
  1408 | D:2      | 1408 ||| DROPPING potion of lignification.
  1452 | D:3      | Reached XP level 4. HP: 16/25 MP: 6/6
  1475 | D:3      | Found a sacrificial altar of Ru.
  1477 | D:3      | Found a snail-covered altar of Cheibriados.
  1846 | D:3      | Found a hide-covered altar of Uskayaw.
  1851 | D:3      | Reached skill level 8 in Ranged Weapons
  2023 | D:3      | 2023 ||| UPGRADING to +0 ring mail.
  2033 | D:3      | 2033 ||| DROPPING +0 scale mail.
  2034 | D:3      | 2034 ||| READING scroll labelled ADE WIZASE.
  2035 | D:3      | 2035 ||| DRINKING 3 coppery potions.
  2035 | D:3      | Gained mutation: You expend magic power (3 MP) to
                  | strengthen your wands. [potion of mutation]
  2035 | D:3      | Gained mutation: Your flesh is cold resistant. (rC+)
                  | [potion of mutation]
  2036 | D:3      | 2036 ||| DRINKING 3 murky emerald potions.
  2164 | D:4      | Reached XP level 5. HP: 29/29 MP: 7/7
  2225 | D:4      | Reached skill level 9 in Ranged Weapons
  2337 | D:4      | Noticed Duvessa
  2337 | D:4      | Noticed Dowan
  2341 | D:4      | HP: 6/28 [Dowan/+0 dagger (3)]
  2345 | D:4      | HP: 2/25 [Duvessa/+2 short sword of draining (2)]
  2345 | D:4      | Slain by Duvessa

Levels and vault maps discovered:
D:1:      wander_arrival_desolate, layout_basic
D:2:      layout_basic, hellmonk_ecumenical_altar_prayer_group, st_stairs_13,
          uniq_jessica
D:3:      layout_loops_ring, chequers_temple_overflow_statue_of_worship,
          mainiacjoe_overflow_brackets, minmay_misc_feat_cross,
          corexii_leaking_fountain
D:4:      minmay_polygon_palace, layout_basic, uniq_menkaure, uniq_natasha,
          uniq_duvessa, uniq_sigmund

Skill      XL: |  1  2  3  4  5 |
---------------+----------------+-----
Ranged Weapons | 6 7 8 9 |  9.3
Fighting       | 2 |  2.0
Dodging        | |  2.4
Stealth        | |  1.2

Action                     |  1- 3 |  4- 6 || total
---------------------------+-------+-------++-------
   Fire: Shortbow          |   103 |    73 ||   176
    Use: Scroll            |     6 |     1 ||     7
         Potion            |     1 |     2 ||     3
 Armour: Leather armour    |     7 |       ||     7
         Scale mail        |     1 |     6 ||     7
         Ring mail         |       |    19 ||    19
  Dodge: Dodged            |    22 |    44 ||    66

Table legend:
 A = Non-vault XP
 B = Vault XP
 C = Vault XP percentage of total XP
 D = Non-vault monster count
 E = Vault monster count
 F = Vault count percentage of total count
                 A         B        C        D         E       F
            +---------+---------+-------+---------+---------+-------
      Total |     125 |     239 |  65.7 |      58 |      13 |  18.3
            +---------+---------+-------+---------+---------+-------
        D:1 |      37 |       0 |   0.0 |      25 |       0 |   0.0
        D:2 |      18 |      37 |  67.3 |       9 |       1 |  10.0
        D:3 |      61 |       0 |   0.0 |      20 |       0 |   0.0
        D:4 |       9 |     202 |  95.7 |       4 |      12 |  75.0
            +---------+---------+-------+---------+---------+-------
